Map: Ascension to Aiur LE

Players

Disciple

  • Race: Protoss Protoss
  • League: Bronze
  • Spawn Location: 11:00

Yata - Winner!

  • Race: Zerg Zerg
  • League: Silver
  • Spawn Location: 5:00

VOD

Have the link to the VOD?

Description

Time

  • Played on: Aug. 16, 2017, 10:06 p.m.
  • Length: 12:50
Show
View Real Time Build Order
Export as new Build Order

Disciple Protoss 

Build Orders:  

Get SALT Encoding   

  12  0:02  Probe (Chrono Boost)  
  13  0:12  Probe (Chrono Boost)  
  14  0:19  Pylon  
  14  0:23  Probe (Chrono Boost)  
  15  0:37  Probe (Chrono Boost)  
  15  0:41  Gateway  
  16  0:47  Probe (Chrono Boost)  
  17  0:56  Pylon  
  17  0:58  Probe (Chrono Boost)  
  18  1:06  Assimilator  
  18  1:09  Probe (Chrono Boost)  
  18  1:10  Assimilator  
  19  1:19  Probe (Chrono Boost)  
  20  1:28  Pylon  
  20  1:29  Zealot (Chrono Boost), Probe (Chrono Boost)  
  23  1:52  Probe  
  24  1:56  Cybernetics Core  
  24  2:04  Probe  
  25  2:33  Mothership Core  
  27  2:38  Pylon  
  27  2:43  Robotics Facility  
  27  2:58  Robotics Facility  
  27  3:04  Adept (Chrono Boost)  
  29  3:11  Warp Gate (Chrono Boost)  
  29  3:24  Pylon  
  29  3:27  Adept (Chrono Boost)  
  31  3:35  Observer  
  32  3:51  Adept (Chrono Boost)  
  34  3:57  Immortal x2  
  42  4:36  Immortal  
  42  4:37  Immortal  
  50  5:15  Immortal  
  54  6:10  Pylon  
  54  6:15  Pylon  
  54  6:20  Pylon  
  54  6:28  Immortal (Chrono Boost)  
  54  6:29  Immortal (Chrono Boost)  
  36  7:07  Gateway, Warp Prism (Chrono Boost)  
  42  7:09  Gateway  
  42  7:12  Gateway  
  42  7:13  Immortal (Chrono Boost)  
  42  7:14  Gateway  
  42  7:19  Gateway  
  42  7:25  Twilight Council  
  42  7:29  Forge  
  42  8:15  Protoss Ground Weapons Level 1 (Chrono Boost)  
  42  8:28  Adept x4  
  42  8:29  Adept x2  
  48  8:58  Adept  
  48  8:59  Adept x5  
  56  9:26  Adept x5  
  50  9:49  Stalker x2  
  54  9:56  Stalker  
  54  10:10  Adept x2  
  40  10:37  Stalker x2  
  44  11:21  Nexus  
  44  11:43  Adept  
  26  12:24  Stalker x2  
Show
View Real Time Build Order
Export as new Build Order

Yata Zerg - Winner!

Build Orders: Hatch First 

Get SALT Encoding   

  12  0:10  Overlord  
  12  0:13  Drone  
  13  0:17  Drone  
  14  0:28  Drone  
  14  0:32  Drone  
  16  0:43  Drone  
  17  1:03  Hatchery  
  16  1:05  Drone x2  
  18  1:20  Extractor  
  18  1:21  Spawning Pool  
  18  1:22  Drone  
  17  1:27  Drone  
  18  1:36  Drone  
  19  1:47  Overlord  
  19  2:00  Drone  
  20  2:14  Queen  
  22  2:17  Zergling x4  
  22  2:18  Queen  
  22  2:21  Drone  
  27  2:23  Metabolic Boost  
  27  2:32  Drone x2  
  29  2:41  Drone  
  29  2:42  Drone  
  31  3:01  Drone x3  
  31  3:02  Overlord  
  34  3:14  Drone x2  
  36  3:21  Extractor  
  36  3:23  Drone, Queen  
  38  3:30  Drone  
  38  3:31  Drone x5  
  44  3:36  Hatchery  
  43  4:05  Overlord x2  
  43  4:13  Roach Warren  
  42  4:20  Evolution Chamber  
  41  4:41  Zergling x20  
  51  5:14  Overlord x3  
  51  5:16  Roach  
  51  5:17  Roach x2  
  50  5:37  Lair  
  50  5:41  Roach  
  50  5:42  Roach x13  
  75  5:55  Zerg Missile Weapons Level 1  
  75  6:01  Roach  
  75  6:02  Roach x2  
  81  6:11  Overlord  
  81  6:12  Overlord x3  
  81  6:21  Ravager  
  80  6:37  Roach  
  80  6:38  Roach x11  
  82  6:47  Roach x2  
  84  7:04  Hydralisk Den  
  83  7:13  Drone x4  
  83  7:14  Drone x10  
  97  7:20  Extractor  
  97  7:21  Extractor  
  95  7:29  Queen x2  
  99  7:39  Hatchery  
  99  7:41  Ravager  
  99  7:42  Ravager  
  99  7:43  Overlord x2  
  100  7:45  Overlord x2  
  100  7:56  Hydralisk x2  
  100  7:58  Hydralisk  
  93  8:24  Hydralisk  
  93  8:25  Hydralisk x2  
  87  8:41  Zergling x2  
  87  8:42  Zergling x34  
  103  9:06  Zergling x12  
  100  9:21  Queen  
  100  9:22  Queen x2  
  101  9:27  Zergling x12  
  92  9:44  Zergling x8  
  73  9:57  Queen x2  
  71  10:01  Hydralisk x4  
  76  10:18  Zergling x2  
  76  10:19  Zergling x8  
  79  10:30  Zergling x2  
  79  10:31  Drone x3  
  79  10:33  Queen  
  85  10:49  Zergling x2  
  86  10:50  Zergling x8  
  90  11:08  Queen  
  92  11:38  Hydralisk x2  
  96  11:42  Zergling x4  
  96  11:43  Zergling x18  
  96  11:44  Queen  
Tags
 
Matchup
PvZ
Replay Pack
Pack 1
Spawn Locations
Cross Positions
Add a new tag
Caveats
  • Supply blocks, unpowered buildings, or Contaminate may cause inaccurate times.
  • Supply counts are checked every 10 seconds.